 Dungeon Crawl Stone Soup version 0.30.1-11-g7821555f0a (webtiles) character file.

Game seed: 6176478775293669125

1678 cdecastro the Basher (level 8, -4/64 HPs)
             Began as an Armataur Warper on Dec 15, 2023.
             Was a Priest of Okawaru.
             Killed from afar by a white imp (12 damage)
             ... with a puff of frost
             ... on level 6 of the Dungeon on Dec 18, 2023.
             The game lasted 00:14:09 (6616 turns).

cdecastro the Basher (Armataur Warper)              Turns: 6616, Time: 00:14:10

Health: -4/64      AC: -4    Str: 17    XL:     8   Next: 70%
Magic:  8/10       EV:  9    Int: 16    God:    Okawaru [***...]
Gold:   157        SH:  0    Dex:  9    Spells: 4/10 levels left

rFire   . . .        a - +1 whip (elec)
rCold   . . .        (no shield)
rNeg    . . .        y - +0 scale mail
rPois   .            (no helmet)
rElec   .            (no cloak)
rCorr   .            (no gloves)
SInv    .            (no barding)
Will    .....        (no amulet)
Stlth   +            (no ring)
HPRegen 0.30/turn    (no ring)
MPRegen 0.12/turn

%: roll
@: heroic, corroded
A: large, rugged brown scales 3, deformed body, armoured tail, roll, long
tongue, awkward tongue
a: Renounce Religion, Heroism


You were on level 6 of the Dungeon.
You worshipped Okawaru.
Okawaru was most pleased with you.
You visited 2 branches of the dungeon, and saw 7 of its levels.

You collected 157 gold pieces.

Inventory:

Hand Weapons
 a - a +1 whip of electrocution (weapon)
 p - a +0 mace
 z - a +0 flail
Missiles
 d - 7 boomerangs of dispersal
 i - 66 stones
 k - 12 poisoned darts (quivered)
 r - 4 boomerangs
Armour
 b - a +0 leather armour
 q - a +0 ring mail
 y - a +0 scale mail (worn)
 G - a +0 pair of gloves
Jewellery
 t - an amulet of regeneration
Wands
 x - a wand of flame (18)
 E - a wand of roots (20)
 I - a wand of quicksilver (7)
Scrolls
 c - 3 scrolls of blinking
 e - a scroll of torment {unknown}
 h - 2 scrolls of fear {unknown}
 l - 3 scrolls of fog {unknown}
 m - 2 scrolls of enchant armour {unknown}
 n - 2 scrolls of amnesia {unknown}
 o - a scroll of poison {unknown}
 s - 4 scrolls of identify {unknown}
 A - 3 scrolls of magic mapping {unknown}
 B - a scroll of brand weapon {unknown}
 F - a scroll of teleportation {unknown}
 J - a scroll of enchant weapon {unknown}
 L - a scroll of vulnerability {unknown}
Potions
 f - a potion of berserk rage {unknown}
 g - 3 potions of degeneration {unknown}
 j - 2 potions of flight {unknown}
 u - 2 potions of cancellation {unknown}
 v - 2 potions of heal wounds {unknown}
 w - a potion of attraction {unknown}
 C - a potion of haste {unknown}
 D - a potion of ambrosia {unknown}
 H - 2 potions of magic {unknown}
 K - 3 potions of curing


   Skills:
 - Level 1.7(6.7) Fighting
 + Level 10.2(15.2) Maces & Flails
 - Level 0.8(5.8) Throwing
 - Level 1.2(6.2) Armour
 - Level 1.3(6.3) Dodging
 - Level 1.7 Spellcasting
 - Level 3.0 Translocations
 - Level 2.0 Invocations


You had 4 spell levels left.
You knew the following spells:

 Your Spells              Type           Power      Damage    Failure   Level
a - Blink                 Tloc           22%        N/A       28%         2
b - Manifold Assault      Tloc           11%        N/A       88%         4

Your spell library contained the following spells:

 Spells                   Type           Power      Damage    Failure   Level
 Lesser Beckoning         Tloc           22%        N/A       28%         2
 Teleport Other           Tloc           11%        N/A       50%         3
 Necrotise                Necr           4%         1d4       54%         1
 Slow                     Hex            4%         N/A       54%         1
 Poisonous Vapours        Pois/Air       2%         N/A       67%         2
 Vhi's Electric Charge    Tloc/Air       12%        N/A       71%         3
 Confusing Touch          Hex            1%         N/A       88%         3
 Mephitic Cloud           Conj/Pois/Air  1%         N/A       88%         3
 Vampiric Draining        Necr           1%         2d6       88%         3
 Leda's Liquefaction      Hex/Erth       0%         N/A       99%         4
 Agony                    Necr           1%         N/A       100%        5
 Blade Hands              Tmut           0%         N/A       100%        5
 Freezing Cloud           Conj/Ice/Air   0%         6-21      100%        5
 Eringya's Noxious Bog    Tmut/Pois      0%         N/A       100%        6
 Iron Shot                Conj/Erth      0%         9d1       100%        6
 Animate Armour           Summ/Erth      Unusable   N/A       N/A         4

Dungeon Overview and Level Annotations

Branches:
Dungeon (6/15)             Temple (1/1) D:6

Altars:
Ashenzari
Cheibriados
Dithmenos
Elyvilon
Fedhas
Gozag
Kikubaaqudgha
Makhleb
Okawaru
Sif Muna
Trog
Uskayaw
Vehumet
Wu Jian
Xom
Yredelemnul
Zin
The Shining One


Innate Abilities, Weirdness & Mutations

You are completely covered in rugged brown scales. (AC +3, +7% HP)
Armour fits poorly on your strangely shaped body.
You have a long armoured tail.
You roll when moving toward enemies. (Rampage)
Your long tongue fully drains potion bottles. (2x potion effects)
Your tongue gives you trouble enunciating. (1.5x scroll delay)


Message History

The jelly is severely wounded.
You hit the jelly.
Your hands burn!
* * * LOW HITPOINT WARNING * * *
The jelly is almost dead.
The jelly hits you.
* * * LOW HITPOINT WARNING * * *
You are splashed with acid!
* * * LOW HITPOINT WARNING * * *
You hit the jelly but do no damage. The acid corrodes you!
Your hands burn!
* * * LOW HITPOINT WARNING * * *
The jelly is almost dead.
You feel better.
You slurp down every last drop of the potion of curing!
The jelly barely misses you.
You gain the combat prowess of a mighty hero.
The jelly hits you.
* * * LOW HITPOINT WARNING * * *
You are splashed with acid.
* * * LOW HITPOINT WARNING * * *
You whack the jelly! Lightning courses through the jelly!!
You kill the jelly!
Okawaru accepts your kill.
You closely miss the white imp.
You tail-slap the white imp, but do no damage.
You hit the white imp but do no damage. The white imp completely misses you.
You completely miss the white imp.
Your tail-slap misses the white imp.
You hit the white imp but do no damage.
Your tail-slap misses the white imp.
Your punch misses the white imp. The white imp barely misses you.
You barely miss the white imp.
You tail-slap the white imp, but do no damage.
You hit the white imp but do no damage.
Your tail-slap misses the white imp.
The white imp gestures at you. The puff of frost misses you.
You hit the white imp but do no damage.
You tail-slap the white imp, but do no damage.
You barely miss the white imp.
You tail-slap the white imp, but do no damage.
The white imp gestures at you. The puff of frost hits you!
You die...

#.....>.......####
##.........#..#
#.##...##.##.###
#.##...##......#
#......).......#
##.####.##.....#
####.##...##.....#
#.......####.....#
#.##@##.# #######
#5##.# #..###
8..8# .......
...>....#
###8..8#.#
##..##.# #..# #


You could see a white imp.

Vanquished Creatures
  Eustachio (Temple)
  Menkaure (D:4)
  Duvessa (D:6)
  An orc warrior (D:6)
  A centaur (D:6)
  2 ogres
  A kobold brigand (D:5)
  A phantom (D:5)
  A bullfrog (D:4)
  3 scorpions (D:4)
  Dowan (D:6)
  A howler monkey (D:5)
  3 jellies
  An orc priest (D:4)
  A gnoll bouda (D:6)
  An iguana (D:5)
  3 orc wizards
  Ijyb (D:3)
  4 gnolls (D:6)
  5 adders
  3 worms
  3 dart slugs
  19 orcs
  7 ball pythons
  3 endoplasms
  2 giant cockroaches
  4 goblins
  8 hobgoblins
  4 jackals
  6 quokkas
  8 bats
  17 kobolds
  3 rats
121 creatures vanquished.

Notes
Turn   | Place    | Note
-------+----------+-------------------------------------------
     0 | D:1      | cdecastro the Armataur Warper began the quest for the Orb.
     0 | D:1      | Reached XP level 1. HP: 18/18 MP: 3/3
     7 | D:1      | Got the Opusculum on the Peccant Anticline
   102 | D:1      | Reached skill level 2 in Maces & Flails
   162 | D:1      | Reached XP level 2. HP: 19/25 MP: 4/4
   629 | D:1      | Found a faded altar of an unknown god.
   728 | D:1      | Prayed at the altar of an unknown god.
   728 | D:1      | Became a worshipper of Warmaster Okawaru
   728 | D:1      | Reached * piety under Okawaru
   742 | D:2      | Reached skill level 3 in Maces & Flails
   787 | D:2      | Reached XP level 3. HP: 15/31 MP: 5/5
  1882 | D:3      | Noticed Ijyb
  1894 | D:2      | Reached skill level 4 in Maces & Flails
  1894 | D:2      | Reached XP level 4. HP: 29/38 MP: 6/6
  2202 | D:3      | Killed Ijyb
  2364 | D:3      | Reached XP level 5. HP: 43/43 MP: 7/7
  2551 | D:3      | Found a shimmering blue altar of Sif Muna.
  2673 | D:4      | Noticed Menkaure
  2854 | D:4      | Killed Menkaure
  2855 | D:4      | Reached skill level 5 in Maces & Flails
  3024 | D:4      | Reached XP level 6. HP: 51/51 MP: 8/8
  3025 | D:4      | Reached ** piety under Okawaru
  3026 | D:4      | Reached skill level 6 in Maces & Flails
  3488 | D:4      | Reached skill level 7 in Maces & Flails
  3488 | D:4      | Reached XP level 7. HP: 56/56 MP: 9/9
  4144 | D:4      | Learned a level 2 spell: Blink
  4149 | D:4      | Learned a level 4 spell: Manifold Assault
  4150 | D:5      | Entered Level 5 of the Dungeon
  4519 | D:5      | Reached skill level 8 in Maces & Flails
  4935 | D:5      | Found a bloodstained altar of Trog.
  5161 | D:6      | Found a staircase to the Ecumenical Temple.
  5168 | D:6      | Noticed Eustachio
  5182 | Temple   | Entered the Ecumenical Temple
  5296 | Temple   | Killed Eustachio
  5297 | Temple   | Reached XP level 8. HP: 25/64 MP: 10/10
  5432 | D:6      | Reached *** piety under Okawaru
  5433 | D:6      | Reached skill level 9 in Maces & Flails
  5582 | D:6      | Noticed Duvessa
  5594 | D:6      | Killed Duvessa
  5597 | D:6      | Noticed Dowan
  5606 | D:6      | Killed Dowan
  5853 | D:6      | Found a basalt altar of Yredelemnul.
  5990 | D:6      | Reached skill level 10 in Maces & Flails
  6230 | D:6      | Found a blossoming altar of Fedhas.
  6448 | D:6      | Reached skill level 1 in Invocations
  6605 | D:6      | HP: 3/64 [acid (5)]
  6616 | D:6      | Killed from afar by a white imp

Illustrated notes

Levels and vault maps discovered:
D:1:      minmay_arrival_four_circles, layout_loops_ring,
          hellmonk_ecumenical_altar_zigzags
D:2:      layout_loops_ring, serial_aquarium, aquarium_bridge_square
          [aquarium_subvault_window, aquarium_subvault_bridge,
          aquarium_subvault_bridge, aquarium_subvault_window],
          aquarium_bridge_square [aquarium_subvault_wall,
          aquarium_subvault_bridge, aquarium_subvault_bridge,
          aquarium_subvault_bridge], aquarium_window_3, aquarium_window_2,
          aquarium_window_2, aquarium_view_2c, aquarium_pool_corner
D:3:      layout_rooms, old_standard_altar, uniq_ijyb
D:4:      nicolae_cairo_tiling, layout_basic, uniq_menkaure
D:5:      cheibrodos_thug_alley, layout_rooms, lightli_temple_of_fire,
          kennysheep_crisscross, serial_bayou_pond_c
D:6:      layout_loops_cross, fedhas_bush_and_centaur_altar,
          mainiacjoe_overflow_brackets, minmay_temple_entry_stoned_glass,
          chequers_serial_rivers_small_3, st_stairs_6, fountainhead,
          hangedman_minor_gate_pass, uniq_eustachio, uniq_duvessa
Temple:   nicolae_temple_two_arcs

Skill      XL: |  1  2  3  4  5  6  7  8 |
---------------+-------------------------+-----
Maces & Flails | 2 3 4 5 7 8 10 | 10.2
Invocations    | 2 |  2.0
Fighting       | |  1.7
Throwing       | |  0.8
Armour         | |  1.2
Dodging        | |  1.3
Spellcasting   | |  1.7
Translocations | |  3.0

Action                     |  1- 3 |  4- 6 |  7- 9 || total
---------------------------+-------+-------+-------++-------
  Melee: Mace              |   112 |       |       ||   112
         Tailslap          |    14 |    12 |    35 ||    61
         Whip              |     5 |    97 |   223 ||   325
         Punch             |       |       |     3 ||     3
  Throw: Dart              |       |       |     5 ||     5
 Invoke: Heroism           |       |     1 |     2 ||     3
    Use: Potion            |       |       |     1 ||     1
 Armour: Leather armour    |    49 |       |       ||    49
         Ring mail         |     3 |    16 |       ||    19
         Scale mail        |       |    14 |    60 ||    74
  Dodge: Dodged            |    68 |    37 |    59 ||   164
